 Dungeon Crawl Stone Soup version 0.17.0-24-gcfadda4 (webtiles) character file.

19 M4edhros the Charlatan (level 2, -1/16 HPs)
             Began as an Octopode Artificer on Nov 16, 2015.
             Slain by a giant gecko (4 damage)
             ... on level 2 of the Dungeon.
             The game lasted 00:01:05 (903 turns).

M4edhros the Charlatan (Octopode Artificer)          Turns: 903, Time: 00:01:06

Health: -1/16      AC:  1    Str: 10    XL:     2   Next: 75%
Magic:  4/4        EV: 12    Int: 14    God:
Gold:   42         SH:  0    Dex: 12    Spells: 0 memorised, 1 level left

rFire  . . .     SeeInvis .     a - +0 short sword
rCold  . . .     Clarity  +     (no shield)
rNeg   . . .     SustAt   .     (helmet restricted)
rPois  .         Gourm    .     j - amulet of clarity
rElec  .         Spirit   .     (no ring)
rCorr  .         Warding  .     (no ring)
rMut   .         Stasis   .     (no ring)
MR     .....                    (no ring)
Stlth  +++.......               (no ring)
                                (no ring)
                                (no ring)
                                (no ring)

@: not resistant to hostile enchantments, fairly stealthy
A: almost no armour, amphibious, 8 rings, constrict 8, camouflage 1, berserk 1,
frail 1, low mp 1, gelatinous body 1
a: no special abilities


You were on level 2 of the Dungeon.
You were not hungry.

You visited 1 branch of the dungeon, and saw 2 of its levels.

You collected 42 gold pieces.

Inventory:

Hand Weapons
 a - a +0 short sword (weapon)
Missiles
 k - 16 sling bullets of frost
Jewellery
 j - an amulet of clarity (around mantle)
Wands
 b - a wand of flame (15)
 c - a wand of enslavement (13)
 d - a wand of random effects (15)
Scrolls
 f - a scroll of teleportation {unknown}
 g - 2 scrolls of identify {unknown}
 l - 2 scrolls of enchant armour {unknown}
 n - a scroll of fog {unknown}
 p - a scroll of blinking {unknown}
Comestibles
 e - 3 bread rations
 m - a meat ration


   Skills:
 - Level 1.0 Fighting
 - Level 1.0 Short Blades
 - Level 2.0 Dodging
 + Level 2.3 Stealth
 + Level 4.0 Evocations


You had one spell level left.
You didn't know any spells.

Dungeon Overview and Level Annotations

Branches:
Dungeon (2/15)

Altars:
The Shining One


Innate Abilities, Weirdness & Mutations

You cannot wear most types of armour.
You are amphibious.
You can wear up to eight rings at the same time.
You can use your tentacles to constrict eight enemies at once.
Your skin changes colour to match your surroundings (Stealth).
Your rubbery body absorbs attacks (AC +1).
You tend to lose your temper in combat.
You are frail (-10% HP).
Your magical capacity is low (-10% MP).


Message History

You squeeze the quokka.
The quokka is severely wounded.
The quokka barely misses you. x2
You hit the quokka but do no damage. Your grab misses the quokka.
The quokka is severely wounded.
The quokka barely misses you.
You barely miss the quokka. Your grab misses the quokka.
You squeeze the quokka, but do no damage.
The quokka is severely wounded.
The quokka barely misses you.
You hit the quokka.
You kill the quokka!
You start resting.
You start resting.
A giant gecko comes into view.
You hit the giant gecko but do no damage.
Your grab misses the giant gecko. The giant gecko bites you.
* * * LOW HITPOINT WARNING * * *
The giant gecko bites you.
You die...

.# .# #### .# ...
.####################.#.#
...............l@....>..#
.#......#################
.#......# #...# .#......#
#...# K######.###...#
gr....r.......#
##............# #######
#..........### #....<#
#.........†# #.#####


You could see a giant gecko.

Vanquished Creatures
  A bat (D:1)
  3 goblins (D:1)
  3 hobgoblins (D:1)
  A jackal (D:2)
  2 quokkas (D:2)
  2 giant cockroaches
  2 giant newts (D:1)
  3 kobolds (D:1)
17 creatures vanquished.

Vanquished Creatures (others)
  A bat (D:2)
  A jackal (D:2)
2 creatures vanquished.

Grand Total: 19 creatures vanquished

Notes
Turn   | Place    | Note
--------------------------------------------------------------
     0 | D:1      | M4edhros the Octopode Artificer began the quest for the Orb.
     0 | D:1      | Reached XP level 1. HP: 13/13 MP: 3/3
   275 | D:1      | Reached XP level 2. HP: 18/18 MP: 4/4
   441 | D:1      | Found a glowing golden altar of the Shining One.
   687 | D:1      | Gained mutation: Your magical capacity is low (-10% MP). [potion of mutation]
   687 | D:1      | Gained mutation: You are frail (-10% HP). [potion of mutation]
   687 | D:1      | Gained mutation: You tend to lose your temper in combat. [potion of mutation]
   752 | D:2      | Reached skill level 4 in Evocations
   903 | D:2      | Slain by a giant gecko

Action                   || total
-------------------------++-------
Melee: Short sword       ||    30
Evoke: Wand              ||     2
  Use: Potion            ||     3
 Stab: Sleeping          ||     6
